 Dungeon Crawl Stone Soup version 0.20.1-1-g8b1a95d66d (webtiles) character file.

868 Minion the Slasher (level 8, -13/70 HPs)
             Began as a Hill Orc Fighter on Dec 11, 2017.
             Was an Initiate of Beogh.
             Mangled by an orc warrior
             ... wielding a +0 short sword
              (18 damage)
             ... on level 5 of the Dungeon.
             The game lasted 00:08:26 (5087 turns).

Minion the Slasher (Hill Orc Fighter)               Turns: 5087, Time: 00:08:27

Health: -13/70     AC:  7    Str: 21    XL:     8   Next: 3%
Magic:  9/9        EV: 11    Int:  8    God:    Beogh [......]
Gold:   227        SH:  0    Dex: 10    Spells: 7/7 levels left

rFire    + . .     SeeInvis .   a - +0 long sword
rCold    . . .     Gourm    .   (no shield)
rNeg     . . .     Faith    .   b - +0 scale mail
rPois    .         Spirit   .   (no helmet)
rElec    .         Reflect  .   (no cloak)
rCorr    .         Harm     .   (no gloves)
MR       .....                  (no boots)
Stlth    ..........             (no amulet)
Regen    0.3/turn               j - ring of protection from fire (curse)
MPRegen  0.2/turn               (no ring)

@: no status effects
A: no striking features
a: Renounce Religion


You were on level 5 of the Dungeon.
You worshipped Beogh.
Beogh was noncommittal.
You were hungry.

You visited 1 branch of the dungeon, and saw 6 of its levels.

You collected 227 gold pieces.

Inventory:

Hand Weapons
 a - a +0 long sword (weapon)
Armour
 b - a +0 scale mail (worn)
Jewellery
 j - a cursed ring of protection from fire (left hand)
Wands
 n - a wand of digging (10/24)
Scrolls
 c - 2 scrolls of fog {unknown}
 e - 4 scrolls of remove curse {unknown}
 h - 3 scrolls of identify {unknown}
 i - 2 scrolls of fear {unknown}
 l - a scroll of teleportation {unknown}
 o - a scroll of enchant armour {unknown}
 t - 2 scrolls of magic mapping {unknown}
Potions
 d - a potion of might
 m - a potion of ambrosia
 p - a potion of curing {unknown}
 r - 2 potions of flight {unknown}
Books
 q - a book of Minor Magic

   Spells                             Type                      Level
   a - Magic Dart                     Conjuration                  1
   b - Blink                          Translocation                2
   c - Call Imp                       Summoning                    2
   d - Slow                           Hexes                        2
   e - Conjure Flame                  Conjuration/Fire             3
   f - Mephitic Cloud                 Conjuration/Poison/Air       3
Comestibles
 f - 4 bread rations
 g - 4 fruits
 k - 2 meat rations
 s - 2 royal jellies


   Skills:
 + Level 5.8 Fighting
 * Level 6.9 Long Blades
 + Level 4.9 Armour
 + Level 2.8 Dodging
   Level 3.2 Shields
 + Level 1.3 Invocations


You had 7 spell levels left.
You didn't know any spells.

Dungeon Overview and Level Annotations

Branches:
Dungeon (6/15)             Temple (0/1) D:4

Altars:
Elyvilon
Fedhas
Makhleb
Trog
Vehumet


Message History

The orc wizard looks satisfied for a moment.
The orc wizard gestures wildly while chanting.
The orc wizard flickers and vanishes!
Deactivating autopickup; reactivate with Ctrl-A.
The orc warrior hits you with a short sword!
* * * LOW HITPOINT WARNING * * *
A jackal comes into view.
The gnoll shouts! x2
A jackal comes into view.
There is a stone staircase leading up here.
The gnoll shouts!
The jackal barks!
The jackal stops to sniff the ground.
A puff of flame appears from out of thin air!
The puff of flame hits you! You resist.
* * * LOW HITPOINT WARNING * * *
You climb upwards.
There is a stone staircase leading down here.
The orc warrior hits you with a short sword!!
You die...
Beogh appreciates the orc warrior's killing of a heretic priest.

......................'.........'
##.....###.###.#...####.........#
##...## #.###.#..## ##.......##
##..####........## ##.....##
#.((...(##....#.## ##...##
#.########.._.##.# ##'## #.#
##...#.## #.# #.# ####.### #.#
#.# #>@...# ###.## #.#
#.o...#####....## #.#
#...............### #.#
#.....####......... ####.#
#.....# #....##### .....# #######
###### ######


You could see an orc warrior.

Vanquished Creatures
  A sky beast (D:5)
  2 phantoms (D:4)
  An ogre (D:5)
  A scorpion (D:4)
  3 hounds
  A centaur skeleton (D:5)
  The ghost of fartsinmyface the Ducker, a weakling FeEn (D:3)
  Terence (D:3)
  4 worker ants
  A howler monkey skeleton (D:4)
  3 gnolls
  5 adders
  An ooze (D:5)
  6 worms
  3 dart slugs
  5 leopard geckos
  7 orcs
  15 giant cockroaches
  4 hobgoblins
  2 quokkas
  A ball python (D:4)
  3 bats
  2 frilled lizards (D:2)
  8 goblins
  6 kobolds
  3 rats
90 creatures vanquished.

Notes
Turn   | Place    | Note
-------+----------+-------------------------------------------
     0 | D:1      | Minion the Hill Orc Fighter began the quest for the Orb.
     0 | D:1      | Reached XP level 1. HP: 19/19 MP: 1/1
   297 | D:1      | Reached skill level 3 in Long Blades
   297 | D:1      | Reached XP level 2. HP: 26/26 MP: 2/2
   618 | D:2      | Reached XP level 3. HP: 31/31 MP: 3/3
   793 | D:2      | Reached skill level 4 in Long Blades
  1088 | D:2      | Reached XP level 4. HP: 35/39 MP: 4/4
  1252 | D:2      | Found a blossoming altar of Fedhas.
  2003 | D:3      | Found a radiant altar of Vehumet.
  2046 | D:3      | Noticed fartsinmyface's ghost (weakling FeEn)
  2055 | D:3      | Killed fartsinmyface's ghost
  2055 | D:3      | Reached skill level 5 in Long Blades
  2055 | D:3      | Reached XP level 5. HP: 29/46 MP: 5/5
  2189 | D:3      | Found a white marble altar of Elyvilon.
  2768 | D:3      | Noticed Terence
  2785 | D:3      | Killed Terence
  2785 | D:3      | Reached skill level 1 in Dodging
  3083 | D:4      | Reached XP level 6. HP: 52/53 MP: 6/6
  3155 | D:4      | Found a bloodstained altar of Trog.
  3251 | D:4      | Found a staircase to the Ecumenical Temple.
  3428 | D:4      | Noticed a phantom
  3464 | D:4      | Killed a phantom
  3464 | D:4      | Reached skill level 5 in Fighting
  3464 | D:4      | Reached skill level 6 in Long Blades
  3464 | D:4      | Reached XP level 7. HP: 36/61 MP: 7/7
  3953 | D:5      | Entered Level 5 of the Dungeon
  4424 | D:5      | Found a burning altar of Makhleb.
  4451 | D:5      | Became a worshipper of Beogh the Brigand
  4670 | D:5      | Reached skill level 1 in Invocations
  4701 | D:5      | Reached XP level 8. HP: 54/70 MP: 7/9
  5087 | D:5      | Mangled by an orc warrior

Skill      XL: |  1  2  3  4  5  6  7 |
---------------+----------------------+-----
Long Blades    | 3 4 5 6 |  6.9
Fighting       | 4 5 |  5.8
Dodging        | 1 2 |  2.8
Armour         | 4 |  4.9
Invocations    | 1 |  1.3
Shields        | |  3.2

Action                   |  1- 3 |  4- 6 |  7- 9 || total
-------------------------+-------+-------+-------++-------
Melee: Long sword        |    73 |   230 |   124 ||   427
Invok: Convert to Beogh  |       |       |     1 ||     1
  Use: Potion            |       |       |     2 ||     2
  Eat: Chunk             |     1 |     3 |     4 ||     8
       Bread ration      |       |     1 |       ||     1
       Fruit             |       |       |     1 ||     1
Armor: Scale mail        |    30 |    85 |    64 ||   179
Dodge: Dodged            |    36 |   123 |    54 ||   213
       Rpst.: Long sword |     5 |    41 |    12 ||    58
